 Dungeon Crawl Stone Soup version 0.29.1-13-g9f3cf754e1 (webtiles) character file.

Game seed: 3010395636216436365

40660 raph the Impaler (level 13, -6/111 HPs)
             Began as a Minotaur Fighter on Jan 27, 2023.
             Was a High Priest of Hepliaklqana.
             Killed from afar by a lava snake (16 damage)
             ... with a glob of lava
             ... on level 5 of the Lair of Beasts.
             The game lasted 00:27:50 (16792 turns).

raph the Impaler (Minotaur Fighter)                Turns: 16792, Time: 00:27:51

Health: -6/111     AC: 21    Str: 26    XL:     13   Next: 75%
Magic:  12/12      EV: 19    Int:  5    God:    Hepliaklqana [*****.]
Gold:   667        SH:  6    Dex: 22    Spells: 12/12 levels left

rFire   . . .      SeeInvis .   B - +4 demon trident (venom)
rCold   . . .      Faith    .   c - +0 buckler
rNeg    . . .      Spirit   .   M - +0 plate armour
rPois   .          Reflect  .   (helmet restricted)
rElec   .          Harm     .   E - +1 cloak
rCorr   .          Rampage  .   o - +1 pair of gloves
Will    .....                   (no boots)
Stlth   ..........              C - amulet "Yjyefie" {Acrobat Str+6}
HPRegen 0.28/turn               p - +6 ring of dexterity
MPRegen 0.13/turn               s - +4 ring of evasion

@: lethally poisoned (-6 -> -9)
A: reduced essence, horns 2, retaliatory headbutt
a: Renounce Religion, Recall Ancestor, Ancestor Identity, Transference, Idealise


You were on level 5 of the Lair of Beasts.
You worshipped Hepliaklqana.
Hepliaklqana was extremely pleased with you.
You visited 2 branches of the dungeon, and saw 14 of its levels.

You collected 764 gold pieces.
You spent 97 gold pieces at shops.

Inventory:

Hand Weapons
 a - a +5 halberd of freezing
 b - a +0 trident
 e - a +0 halberd
 B - a +4 demon trident of venom (weapon)
 O - a +0 glaive of venom
Missiles
 l - 31 poisoned darts
 n - 5 throwing nets
 y - 8 javelins
 D - 12 boomerangs (quivered)
Armour
 c - a +0 buckler (worn)
 o - a +1 pair of gloves (worn)
 E - a +1 cloak (worn)
 G - a +0 scale mail
 M - a +0 plate armour (worn)
Jewellery
 j - a +6 ring of strength
 p - a +6 ring of dexterity (left hand)
 s - a +4 ring of evasion (right hand)
 t - a ring of protection from fire
 w - a ring of protection from cold
 C - the amulet "Yjyefie" (around neck) {Acrobat Str+6}
   (You took it off an orc wizard on level 8 of the Dungeon)

   [amulet of the acrobat]

   It increases your evasion while moving and waiting.
   Str:       It affects your strength (+6).
 Q - a ring of willpower
Wands
 r - a wand of flame (14)
 A - a wand of mindburst (3)
 H - a wand of digging (6)
 K - a wand of roots (9)
 P - a wand of paralysis (6)
Scrolls
 h - a scroll of vulnerability
 m - 7 scrolls of teleportation
 q - 2 scrolls of poison
 v - 2 scrolls of blinking
 N - a scroll of butterflies
 S - 2 scrolls of immolation
 U - a scroll of amnesia
Potions
 d - 2 potions of might
 f - 6 potions of lignification
 g - 5 potions of heal wounds
 i - 3 potions of flight
 k - 7 potions of haste
 u - 2 potions of attraction
 x - 9 potions of curing
 z - a potion of resistance
 F - a potion of magic
 J - 2 potions of brilliance
 R - 7 potions of ambrosia
 T - a potion of berserk rage
Miscellaneous
 I - a phial of floods
 L - a phantom mirror


   Skills:
 + Level 14.2 Fighting
 - Level 16.0 Polearms
 + Level 14.2 Armour
 + Level 12.6 Dodging
 + Level 5.0 Shields


You had 12 spell levels left.
You didn't know any spells.
Your spell library contained the following spells:

 Spells                   Type           Power      Damage    Failure   Level
 Magic Dart               Conj           0%         1d3       99%         1
 Sting                    Tmut/Pois      0%         1d3       99%         1
 Call Imp                 Summ           0%         N/A       100%        2
 Ensorcelled Hibernation  Hex/Ice        0%         N/A       100%        2
 Poisonous Vapours        Pois/Air       0%         N/A       100%        2
 Inner Flame              Hex/Fire       0%         N/A       100%        3
 Mephitic Cloud           Conj/Pois/Air  0%         N/A       100%        3
 Spider Form              Tmut/Pois      0%         N/A       100%        3
 Anguish                  Hex/Necr       0%         N/A       100%        4
 Animate Dead             Necr           0%         N/A       100%        4
 Cause Fear               Hex            0%         N/A       100%        4
 Fulminant Prism          Conj/Hex       0%         3d6       100%        4
 Iskenderun's Mystic Bla  Conj/Tloc      0%         2d3       100%        4
 Olgreb's Toxic Radiance  Pois           0%         N/A       100%        4
 Fireball                 Conj/Fire      0%         3d3       100%        5
 Lee's Rapid Deconstruct  Erth           0%         3d5*      100%        5
 Starburst                Conj/Fire      0%         6d3       100%        6
 Haunt                    Necr/Summ      0%         N/A       100%        7
 Discord                  Hex            0%         N/A       100%        8
 Ignition                 Fire           0%         3d3       100%        8
 Infestation              Necr           0%         N/A       100%        8


Dungeon Overview and Level Annotations

Branches:
Dungeon (9/15)             Temple (0/1) D:6            Lair (5/5) D:9
  Swamp (0/4) Lair:3        Snake (0/4) Lair:2        Slime (0/5) Lair:5
    Orc: D:9-12

Altars:
Ashenzari
Hepliaklqana
Qazlal
Ru
Jiyva

Shops:
D:2 ?

Annotations:
D:4 3 runed translucent doors, Poussin's ghost, amateur SpBr
Lair:3 3 runed translucent doors, Loywebes's ghost, journeyman MiFi
Lair:5 2 runed translucent doors


Innate Abilities, Weirdness & Mutations

Your life essence is reduced to manifest your ancestor. (-10% HP)
You have a pair of horns on your head.
You reflexively headbutt those who attack you in melee.


Message History

You feel sick.
Ankherfenedjef hits the hell hound with a +0 quarterstaff!
The komodo dragon misses you.
The molten gargoyle blasts magma at you!
The bolt of magma misses you. The hell hound misses you.
You furiously retaliate!
You headbutt the hell hound! You puncture the hell hound!
The hell hound is poisoned.
The hell hound is almost dead.
You feel sick.
Ankherfenedjef casts a spell at the hell hound.
The stone arrow hits the hell hound!!
The hell hound dies!
You puncture the hell hound!
You kill the hell hound!
You feel sick.
The molten gargoyle blasts magma at you!
The bolt of magma misses you. The komodo dragon bites you!
Your Shields skill increases to level 5!
You barely miss the molten gargoyle.
You feel sick.
You puncture the molten gargoyle!
The molten gargoyle is moderately damaged.
The molten gargoyle completely misses you.
The komodo dragon closely misses you.
You hit the molten gargoyle.
Your headbutt misses the molten gargoyle.
The molten gargoyle is heavily damaged.
You feel sick. The komodo dragon bites you.
The molten gargoyle hits you with a +0 mace!
You are engulfed in flames!
* * * LOW HITPOINT WARNING * * *
You feel sick.
The molten gargoyle blasts magma at you!
The bolt of magma hits you!!
* * * LOW HITPOINT WARNING * * *
Okay, then.
You feel much better.
You feel sick. The komodo dragon bites you!!
* * * LOW HITPOINT WARNING * * *
The lava snake spits lava at you. The glob of lava hits you!
You die...

§§#†....≈# #.R.#...≈≈..
## ## ..†≈###§≈≈≈# ≈ ##P
##≈≈≈§§§..≈≈ ≈###### #..
.#§§######.≈§ §.#8#8#
####. .§≈##
...##.§###....## ##.#..
≈≈≈# ....#≈≈#......8#
#..... §§§#
...+.........## ##....
§≈§# ....+...R.@....##
#..P.# ≈≈≈#
....#≈≈≈9.l.....# #.P..P
§≈≈## ... #§≈..........≈
##.P...
..≈≈######§##........§≈§
#..R#..
..§≈≈≈≈§§≈§§##.......§§§
#..###. ..#§§§≈#≈§§≈
#.....#§S§# #.## #.
..§##§..## ##..#8#.≈§#
### ## ..)......# ##8###
§# ##### # ..........#
## ###.#.###


You could see the friendly Ankherfenedjef the battlemage, a komodo dragon, a
molten gargoyle (ally target) and a lava snake (catching breath).

Vanquished Creatures
  3 hydras
  A boulder beetle (Lair:4)
  4 death yaks (Lair:2)
  Urug (Lair:5)
  Amaemon (D:8)
  2 lindwurms
  Pikel (D:5)
  10 elephants
  3 black mambas
  2 molten gargoyles (Lair:5)
  7 cane toads
  3 torpor snails (Lair:4)
  An orange demon (D:8)
  A rime drake (Lair:4)
  7 komodo dragons
  A queen bee (Lair:3)
  2 polar bears (Lair:4)
  Grinder (D:3)
  A hornet (D:7)
  8 blink frogs (Lair:4)
  38 yaks
  7 wyverns
  2 basilisks
  3 steam dragons
  3 swamp worms (Lair:3)
  An acid dragon (D:9)
  3 nagas (Lair:2)
  Duvessa (D:4)
  8 water moccasins
  3 hell hounds (Lair:5)
  2 ice beasts
  An orc warrior (D:8)
  A black bear (D:9)
  4 ogres
  2 sky beasts (D:6)
  2 centaurs
  7 wolves
  12 bullfrogs
  A gnoll sergeant (D:9)
  A necrophage (D:6)
  A scorpion (D:5)
  9 wights
  Dowan (D:4)
  17 killer bees (Lair:3)
  3 lava snakes (Lair:5)
  2 gnoll boudas
  3 orc priests
  4 hounds
  Ijyb (D:4)
  7 orc wizards
  3 iguanas
  21 adders
  16 gnolls
  A shadow imp (D:4)
  A white imp (D:6)
  6 worms
  2 dart slugs
  23 orcs
  10 ball pythons
  6 endoplasms
  2 giant cockroaches (D:1)
  9 goblins
  8 hobgoblins
  4 jackals (D:2)
  12 kobolds
  3 quokkas
  3 bats
  5 frilled lizards
  6 rats
351 creatures vanquished.

Vanquished Creatures (collateral kills)
  A hydra (Lair:3)
  A two-headed ogre (D:9)
  3 elephants
  2 black mambas
  3 komodo dragons
  A hornet (D:9)
  A blink frog (Lair:4)
  3 wyverns
  5 yaks
  A basilisk (Lair:4)
  A steam dragon (Lair:5)
  A naga (Lair:2)
  2 hell hounds (Lair:5)
  3 water moccasins
  A black bear (D:9)
  A centaur (D:8)
  5 wolves
  A kobold brigand (D:8)
  2 killer bees (Lair:3)
  2 orc wizards
  4 gnolls
  6 orcs
  2 kobolds (D:8)
52 creatures vanquished.

Vanquished Creatures (others)
  12 battlemagi
  An ancestor (D:7)
  8 fungi
  3 plants
24 creatures vanquished.

Grand Total: 427 creatures vanquished

Notes
Turn   | Place    | Note
-------+----------+-------------------------------------------
     0 | D:1      | raph the Minotaur Fighter began the quest for the Orb.
     0 | D:1      | Reached XP level 1. HP: 19/19 MP: 0/0
    70 | D:1      | Reached skill level 3 in Polearms
   137 | D:1      | Reached XP level 2. HP: 26/26 MP: 1/1
   321 | D:1      | Reached skill level 4 in Polearms
   402 | D:1      | Reached XP level 3. HP: 31/31 MP: 2/2
   763 | D:2      | Reached skill level 5 in Polearms
   954 | D:2      | Reached XP level 4. HP: 39/39 MP: 3/3
  1051 | D:2      | You fall into a shaft and drop 1 floor!
  1053 | D:3      | Noticed a bullfrog
  1058 | D:3      | Killed a bullfrog
  1059 | D:3      | Reached skill level 6 in Polearms
  1153 | D:2      | Reached XP level 5. HP: 45/45 MP: 4/4
  1200 | D:2      | Found Jeony's Magic Scroll Emporium.
  1396 | D:2      | Reached skill level 7 in Polearms
  2212 | D:2      | Bought a scroll of blinking for 97 gold pieces
  2296 | D:3      | Found a faded altar of an unknown god.
  2473 | D:3      | Noticed Grinder
  2487 | D:3      | Killed Grinder
  2488 | D:3      | Reached skill level 8 in Polearms
  2488 | D:3      | Reached XP level 6. HP: 21/51 MP: 5/5
  3004 | D:4      | Noticed Duvessa
  3006 | D:4      | Noticed Dowan
  3029 | D:4      | Killed Duvessa
  3030 | D:4      | Reached skill level 9 in Polearms
  3030 | D:4      | Reached XP level 7. HP: 36/57 MP: 6/6
  3034 | D:4      | Killed Dowan
  3311 | D:4      | Reached skill level 10 in Polearms
  3419 | D:4      | Noticed Ijyb
  3425 | D:4      | Killed Ijyb
  3737 | D:4      | Found a runed translucent gate.
  3738 | D:4      | Found a runed translucent gate.
  3738 | D:4      | Found a runed translucent gate.
  3745 | D:4      | Noticed Poussin's ghost (amateur SpBr)
  4814 | D:4      | Found a sacrificial altar of Ru.
  4814 | D:4      | Found a broken altar of Ashenzari.
  4898 | D:5      | Entered Level 5 of the Dungeon
  5222 | D:5      | Reached skill level 11 in Polearms
  5230 | D:5      | Reached XP level 8. HP: 64/64 MP: 7/7
  5551 | D:5      | Found a hazy altar of Hepliaklqana.
  5669 | D:5      | Became a worshipper of Hepliaklqana the Forgotten
  5988 | D:5      | Noticed Pikel
  5997 | D:5      | Killed Pikel
  5998 | D:5      | Reached skill level 12 in Polearms
  6366 | D:6      | Found a staircase to the Ecumenical Temple.
  6406 | D:6      | Reached skill level 5 in Fighting
  6406 | D:6      | Reached skill level 5 in Armour
  6687 | D:6      | Reached XP level 9. HP: 31/74 MP: 8/8
  7441 | D:6      | Reached * piety under Hepliaklqana
  7648 | D:6      | Found a stormy altar of Qazlal.
  8076 | D:7      | Reached skill level 13 in Polearms
  8187 | D:7      | Reached skill level 5 in Dodging
  8797 | D:8      | Reached ** piety under Hepliaklqana
  8798 | D:8      | Remembered your ancestor Ankherfenedjef as a battlemage
  9009 | D:8      | Reached XP level 10. HP: 76/77 MP: 9/9
  9020 | D:8      | Identified the amulet "Yjyefie" {Acrobat Str+6}
  9306 | D:8      | Noticed Amaemon
  9306 | D:8      | Noticed an orange demon
  9312 | D:8      | Killed an orange demon
  9317 | D:8      | Killed Amaemon
  9586 | D:9      | Found a staircase to the Lair.
  9586 | D:9      | Noticed an elephant
  9594 | D:9      | Killed an elephant
  9670 | D:9      | Noticed a two-headed ogre
  9676 | D:9      | Killed a two-headed ogre
  9677 | D:9      | Reached skill level 14 in Polearms
 10529 | Lair:1   | Entered Level 1 of the Lair of Beasts
 10593 | Lair:1   | Reached XP level 11. HP: 87/87 MP: 10/10
 10616 | Lair:1   | Noticed a four-headed hydra
 10688 | Lair:1   | Killed a four-headed hydra
 10995 | Lair:1   | Reached *** piety under Hepliaklqana
 11029 | Lair:1   | Reached skill level 10 in Armour
 11069 | Lair:1   | Reached skill level 10 in Fighting
 11096 | Lair:1   | Reached skill level 15 in Polearms
 11641 | Lair:2   | Noticed a death yak
 11643 | Lair:2   | Found a staircase to the Snake Pit.
 11643 | Lair:2   | Noticed a death yak
 11643 | Lair:2   | Noticed a death yak
 11643 | Lair:2   | Noticed a death yak
 11651 | Lair:2   | Killed a death yak
 11654 | Lair:2   | HP: 4/90 [death yak (21)]
 12019 | Lair:2   | You fall into a shaft and drop 2 floors!
 12036 | Lair:4   | Reached XP level 12. HP: 84/97 MP: 11/11
 12526 | Lair:2   | Reached **** piety under Hepliaklqana
 12768 | Lair:2   | Killed a death yak
 12769 | Lair:2   | Reached skill level 10 in Dodging
 12783 | Lair:2   | Killed a death yak
 12786 | Lair:2   | Killed a death yak
 13334 | Lair:3   | Found a runed translucent gate.
 13334 | Lair:3   | Found a runed translucent gate.
 13334 | Lair:3   | Found a runed translucent gate.
 13335 | Lair:3   | Noticed Loywebes's ghost (journeyman MiFi)
 13436 | Lair:3   | Reached skill level 16 in Polearms
 13624 | Lair:3   | Noticed a seven-headed hydra
 13625 | Lair:3   | Noticed a six-headed hydra
 13647 | Lair:3   | Killed a six-headed hydra
 14132 | Lair:3   | Killed a seven-headed hydra
 14365 | Lair:3   | Found a staircase to the Swamp.
 14515 | Lair:4   | Reached XP level 13. HP: 95/107 MP: 12/12
 14563 | Lair:4   | Reached ***** piety under Hepliaklqana
 15866 | Lair:5   | Entered Level 5 of the Lair of Beasts
 16001 | Lair:5   | Noticed Urug
 16006 | Lair:5   | Killed Urug
 16131 | Lair:5   | Found a viscous altar of Jiyva.
 16132 | Lair:5   | Found a staircase to the Slime Pits.
 16464 | Lair:5   | Found a large runed translucent door.
 16464 | Lair:5   | Noticed a fire dragon
 16773 | Lair:5   | Found a large runed translucent door.
 16788 | Lair:5   | Reached skill level 5 in Shields
 16792 | Lair:5   | Killed from afar by a lava snake

Illustrated notes

Levels and vault maps discovered:
D:1:      tarquinn_simple_flora_water_d, layout_rooms
D:2:      layout_loops_cross, serial_shops, shop, minmay_snake_closets
D:3:      layout_loops_ring, ebering_ecumenical_altar_petrified, uniq_grinder
D:4:      layout_layer_cave, gammafunk_temple_overflow_wave,
          ebering_ghost_rock_garden, uniq_ijyb, uniq_duvessa
D:5:      nicolae_cairo_tiling_large_dashed, layout_basic,
          mainiacjoe_overflow_cross_hatched, uniq_pikel
D:6:      layout_loops_ring, mainiacjoe_overflow_alcove_2, temple_fountains
D:7:      layout_gridville, nrook_mini_vaults, chequers_serial_rivers_room_b
D:8:      layout_loops_ring, uniq_amaemon
D:9:      layout_basic, david_lair_generic
Lair:1:   layout_hall_layers, st_stairs_3
Lair:2:   layout_chaotic_city, minmay_snake_entry_guardpost_small
Lair:3:   layout_small_grid, palyth_hydra_swamp_entry,
          gammafunk_ghost_necromancy, special_room [special_room_bee],
          minivault_27, chequers_serial_rivers_micro_c, lemuel_fruit_tree
Lair:4:   nzn_winding_woodlands_cross [nzn_winding_woodlands_5x15_concentric,
          nzn_winding_woodlands_5x15_pathside_ponds,
          nzn_winding_woodlands_5x15_crooked,
          nzn_winding_woodlands_5x15_split_checker,
          nzn_winding_woodlands_15x15_boxy_spiral], layout_loops_ring,
          serial_bayou_lagoon_a, minivault_25, serial_bayou_shore_b
Lair:5:   cheibrodos_lair_end_hotspot, layout_layer_cave, slime_entry_1,
          chequers_serial_rivers_micro_c, uniq_urug

Skill      XL: |  1  2  3  4  5  6  7  8  9 10 11 12 13 |
---------------+----------------------------------------+-----
Polearms       | 3 4 5 6 8 9 11 12 13 14 15 16 | 16.0
Fighting       | 5 7 9 10 12 14 | 14.2
Armour         | 5 7 9 10 12 14 | 14.2
Dodging        | 3 5 7 9 11 12 | 12.6
Shields        | 5 |  5.0

Action                   |  1- 3 |  4- 6 |  7- 9 | 10-12 | 13-15 || total
-------------------------+-------+-------+-------+-------+-------++-------
Melee: Trident           |    97 |   101 |    19 |    14 |     6 ||   237
       Headbutt          |    11 |    15 |    33 |    60 |    38 ||   157
       Halberd           |       |       |   230 |   305 |   114 ||   649
       Demon trident     |       |       |       |       |    80 ||    80
Throw: Javelin           |       |       |     4 |     2 |       ||     6
       Dart              |       |       |     3 |       |       ||     3
       Throwing net      |       |       |     1 |       |       ||     1
       Boomerang         |       |       |       |     6 |       ||     6
Invok: Ancestor Life: Ba |       |       |     1 |       |       ||     1
       Recall Ancestor   |       |       |       |     1 |       ||     1
  Use: Scroll            |     3 |     7 |     8 |    10 |     2 ||    30
       Potion            |       |     3 |     1 |     1 |     1 ||     6
 Stab: Invisible         |       |       |     4 |       |       ||     4
       Held in net/web   |       |       |     1 |       |       ||     1
       Distracted        |       |       |     1 |     9 |     6 ||    16
Armor: Scale mail        |    24 |    18 |    52 |    24 |       ||   118
       Plate armour      |       |       |       |    41 |    24 ||    65
Dodge: Dodged            |    31 |    29 |    85 |   236 |    96 ||   477
Block: Buckler           |     9 |    13 |     6 |       |    20 ||    48
